[Event "Titled Tuesday Blitz March 01 Early 2022"]
[White "Reprintsev, Alexander"]
[Black "Dovbnia, Nikita"]
[WhiteFideId "14100541"]
[BlackFideId "54104599"]
[WhiteElo "2126"]
[BlackElo "2111"]
[Result "1-0"]
[Round "02"]
[TimeControl "180+1"]
[Date "2022.03.01"]
[WhiteClock "0:01:24"]
[BlackClock "0:00:35"]

1. e4 c5 2. b3 Nc6 3. Bb2 e5 4. f4 d6 5. Qf3 Nf6 6. Bb5 Bd7 7. Ne2 Qc7 8. Nbc3 Nd4 9. Nxd4 cxd4 10. Bxd7+ Nxd7 11. Nd5 Qxc2 12. O-O Qxb2 13. Nc7+ Kd8 14. Nxa8 Be7 15. fxe5 Nxe5 16. Qh3 Qxd2 17. Rac1 Nc6 18. Rfd1 Qf4 19. b4 Bg5 20. Kh1 Qxc1 21. Rxc1 Bxc1 22. b5 Ne5 23. b6 axb6 24. Nxb6 Kc7 25. Nd5+ Kc6 26. Qb3 d3 27. Qb6+ Kd7 28. Qxb7+ Kd8 29. Qc7+ Ke8 30. Qe7# 1-0


[Site "https://www.chess.com"]

[Event "Titled Tuesday Blitz March 01 Early 2022"]
[White "Roberson, Peter T"]
[Black "Talibov, Shiroghlan"]
[WhiteFideId "412384"]
[BlackFideId "13429078"]
[WhiteElo "2346"]
[BlackElo "2070"]
[Result "0-1"]
[Round "02"]
[TimeControl "180+1"]
[Date "2022.03.01"]
[WhiteClock "0:00:02"]
[BlackClock "0:00:15"]

1. e4 c6 2. Nf3 d5 3. Nc3 g6 4. d4 Bg7 5. Bd3 Bg4 6. O-O e6 7. Be3 Nd7 8. h3 Bxf3 9. Qxf3 Ne7 10. Ne2 dxe4 11. Bxe4 O-O 12. c3 Nd5 13. Rad1 Re8 14. Bc2 f5 15. Bb3 a5 16. a3 Qb6 17. Bxd5 exd5 18. Bc1 Nf6 19. Nf4 Ne4 20. Nd3 Re7 21. Bf4 Rae8 22. Rfe1 a4 23. g4 fxg4 24. hxg4 Rf7 25. Qg2 g5 26. Bc1 Ref8 27. Re3 h6 28. f3 Nd6 29. Rde1 Nc4 30. Re8 Qc7 31. Nc5 b5 32. R1e2 Rxe8 33. Rxe8+ Bf8 34. Qe2 Qg3+ 35. Qg2 Qxf3 36. Qxf3 Rxf3 37. Re6 Bxc5 38. dxc5 Rd3 39. Kg2 Rd1 40. Rxh6 Rxc1 41. Rxc6 Nxb2 42. Rg6+ Kf7 43. Rxg5 Ke6 44. Rg6+ Ke5 45. c6 Rxc3 46. g5 d4 47. Kf2 Rc2+ 48. Ke1 d3 0-1


[Site "https://www.chess.com"]

[Event "Titled Tuesday Blitz March 01 Early 2022"]
[White "Rodchenkov, Sergey D."]
[Black "Shafigullina, Zarina"]
[WhiteFideId "4168712"]
[BlackFideId "24174220"]
[WhiteElo "2306"]
[BlackElo "2062"]
[Result "1-0"]
[Round "02"]
[TimeControl "180+1"]
[Date "2022.03.01"]
[WhiteClock "0:00:22"]
[BlackClock "0:00:11"]

1. e4 c5 2. Nf3 d6 3. d4 cxd4 4. Nxd4 Nf6 5. Nc3 a6 6. Bg5 e6 7. f4 Nbd7 8. Qf3 h6 9. Bxf6 Qxf6 10. O-O-O Be7 11. h4 h5 12. Be2 g6 13. Kb1 Bf8 14. g4 hxg4 15. Qxg4 Bg7 16. h5 gxh5 17. Rxh5 Rxh5 18. Qxh5 b5 19. e5 dxe5 20. Ne4 Qg6 21. Qxg6 fxg6 22. Nxe6 Kf7 23. N4g5+ Kg8 24. Bg4 Bf6 25. Nc7 Ra7 26. Ne8 Bxg5 27. fxg5 Kf8 28. Nd6 e4 29. Nxc8 1-0


[Site "https://www.chess.com"]

[Event "Titled Tuesday Blitz March 01 Early 2022"]
[White "Rostovtsev, Dmitry"]
[Black "Silva, Miguel Antonio Neto"]
[WhiteFideId "34278320"]
[BlackFideId "1911929"]
[WhiteElo "2218"]
[BlackElo "2204"]
[Result "1-0"]
[Round "02"]
[TimeControl "180+1"]
[Date "2022.03.01"]
[WhiteClock "0:00:08"]
[BlackClock "0:00:08"]

1. e4 e5 2. Nf3 Nc6 3. Bb5 Nf6 4. d3 Bc5 5. Bxc6 dxc6 6. Nbd2 Be6 7. Qe2 Nd7 8. Nb3 Be7 9. h4 a5 10. Ng5 Bxg5 11. hxg5 Qe7 12. Be3 b6 13. g3 c5 14. f4 g6 15. Nd2 a4 16. Qf2 Nb8 17. fxe5 Nc6 18. Qf6 O-O-O 19. Qxe7 Nxe7 20. b3 Nc6 21. Nf3 Bg4 22. Rf1 Rhe8 23. Kd2 Rd7 24. Kc3 Kb7 25. Bf4 a3 26. Ne1 Nd4 27. Ng2 Bh3 28. Rf2 Nb5+ 29. Kd2 Nd4 30. Ne3 Nc6 31. Rh1 Be6 32. Rxh7 Nb4 33. Rf1 Ra8 34. Ra1 Nc6 35. Rhh1 b5 36. Nd1 Re8 37. Nc3 Kb6 38. Rh7 Nd4 39. Rf1 b4 40. Ne2 Nb5 41. Be3 Bg4 42. Rfxf7 Rxf7 43. Rxf7 Bxe2 44. Rf6+ c6 45. Kxe2 Nc3+ 46. Kd2 Nxa2 47. d4 cxd4 48. Bxd4+ Kb5 49. Rf7 c5 50. Ba1 Kc6 51. Rf6+ Kb5 52. Rxg6 Rd8+ 53. Rd6 Rg8 54. g6 c4 55. Rd5+ Kc6 56. Rd6+ Kc5 57. bxc4 Kxc4 58. Ke3 Nc3 59. Kf4 Ne2+ 60. Kg4 Nc3 61. Kg5 Nxe4+ 62. Kf5 Nxd6+ 63. exd6 Rd8 64. g7 b3 65. cxb3+ Kxb3 66. Bf6 Rxd6 67. g8=Q+ Kc2 68. Qa2+ Kd1 69. Qxa3 Rd2 70. Qf3+ Ke1 71. Qe3+ Re2 72. Qxe2+ Kxe2 73. g4 1-0


[Site "https://www.chess.com"]

[Event "Titled Tuesday Blitz March 01 Early 2022"]
[White "Roux, Baptiste"]
[Black "Vetokhin, Ilia"]
[WhiteFideId "36017450"]
[BlackFideId "24156078"]
[WhiteElo "1935"]
[BlackElo "1897"]
[Result "0-1"]
[Round "02"]
[TimeControl "180+1"]
[Date "2022.03.01"]
[WhiteClock "0:00:51"]
[BlackClock "0:00:20"]

1. d4 Nf6 2. g3 e6 3. Bg2 d5 4. Nf3 Be7 5. O-O O-O 6. c4 dxc4 7. Qc2 a6 8. a4 Bd7 9. e4 b5 10. axb5 Bxb5 11. Nc3 Nbd7 12. e5 Nd5 13. Ne4 c5 14. Rd1 Qc7 15. Bg5 Nb4 16. Qb1 Bxg5 17. Nfxg5 Nd3 18. Nd6 Rab8 19. d5 exd5 20. Ndxf7 N7xe5 21. Bxd5 Nxf7 22. Nxf7 Rxf7 23. Qc2 Qe5 24. Bxc4 Bxc4 25. Qxc4 Nxf2 26. Rf1 Nh3+ 27. Kg2 Ng5 28. Rxa6 Rxb2+ 29. Kh1 Qe4+ 30. Qxe4 Rxf1# 0-1


[Site "https://www.chess.com"]

[Event "Titled Tuesday Blitz March 01 Early 2022"]
[White "Rudzinska, Michalina"]
[Black "Hirneise, Jens"]
[WhiteFideId "1172883"]
[BlackFideId "24614734"]
[WhiteElo "1904"]
[BlackElo "2323"]
[Result "0-1"]
[Round "02"]
[TimeControl "180+1"]
[Date "2022.03.01"]
[WhiteClock "0:01:27"]
[BlackClock "0:00:48"]

1. e4 c6 2. d4 d5 3. Nc3 dxe4 4. Nxe4 Bf5 5. Ng3 Bg6 6. Bc4 e6 7. N1e2 Bd6 8. Nf4 Nf6 9. c3 Qc7 10. Qf3 Nbd7 11. h4 e5 12. Nxg6 hxg6 13. O-O Rxh4 14. Bg5 Rg4 15. Bxf6 Nxf6 16. dxe5 Bxe5 17. Rad1 Rxc4 18. Rfe1 Kf8 19. Qe2 Rc5 20. b4 Rd5 21. Rxd5 Nxd5 22. Qxe5 Qxe5 23. Rxe5 Nxc3 24. Rc5 Nxa2 25. b5 Nb4 26. bxc6 Nxc6 27. Ne4 Rd8 28. f3 Ke7 29. Rc1 a5 30. Nc5 Rb8 31. Nxb7 Rxb7 32. Rxc6 Ra7 33. Rc3 a4 34. Ra3 Kd6 35. Kf2 Kc5 36. Ke3 Kb4 37. Ra1 a3 38. Kd3 a2 39. Kc2 Ka3 40. Re1 Rc7+ 41. Kd2 Kb2 0-1


[Site "https://www.chess.com"]

[Event "Titled Tuesday Blitz March 01 Early 2022"]
[White "Rustemov, Alexander"]
[Black "Martin Duque, Jesus"]
[WhiteFideId "4119002"]
[BlackFideId "2208954"]
[WhiteElo "2797"]
[BlackElo "2243"]
[Result "1-0"]
[Round "02"]
[TimeControl "180+1"]
[Date "2022.03.01"]
[WhiteClock "0:00:20"]
[BlackClock "0:00:44"]

1. d4 Nf6 2. c4 b6 3. f3 Ba6 4. e4 e6 5. Bd3 Bb4+ 6. Nc3 c5 7. d5 O-O 8. Ne2 Qe7 9. O-O exd5 10. exd5 d6 11. a3 Ba5 12. Rb1 Bxc3 13. Nxc3 Re8 14. Bg5 Nbd7 15. b3 h6 16. Bh4 Ne5 17. Bc2 Ng6 18. Bf2 Nh5 19. g3 Nf6 20. Re1 Qd7 21. Rxe8+ Rxe8 22. Kg2 Bc8 23. Qf1 Ne5 24. g4 Nxf3 25. Bf5 Qd8 26. Kxf3 Nxg4 27. Bxg4 Qf6+ 28. Kg3 Qxc3+ 29. Bf3 Re5 30. h4 Rf5 31. Qe2 Bd7 32. Kg2 Qf6 33. Bg3 Qg6 34. Be4 Re5 35. Bxg6 Rxe2+ 36. Kf3 Ra2 37. Bd3 Rxa3 38. Bxd6 Ra2 39. Re1 Rd2 40. Bb1 h5 41. Re7 Bg4+ 42. Kg3 Rd1 43. Re8# 1-0


[Site "https://www.chess.com"]

[Event "Titled Tuesday Blitz March 01 Early 2022"]
[White "Sadhwani, Raunak"]
[Black "Nazari, Arad"]
[WhiteFideId "35093487"]
[BlackFideId "12577324"]
[WhiteElo "2975"]
[BlackElo "2642"]
[Result "1-0"]
[Round "02"]
[TimeControl "180+1"]
[Date "2022.03.01"]
[WhiteClock "0:00:57"]
[BlackClock "0:00:04"]

1. d4 Nf6 2. Nf3 g6 3. Nc3 d5 4. Bf4 Bg7 5. Nb5 O-O 6. e3 Na6 7. h3 c6 8. Nc3 Nc7 9. Be2 Nd7 10. O-O b5 11. a4 b4 12. Na2 a5 13. Nc1 Ba6 14. Nb3 Bxe2 15. Qxe2 Ne6 16. Bh2 c5 17. dxc5 Bxb2 18. Rab1 Bc3 19. c6 Nf6 20. Nfd4 Bxd4 21. exd4 Ne4 22. Rbe1 Qb6 23. Qb5 Ra6 24. Rxe4 dxe4 25. d5 Ng7 26. Re1 Qxb5 27. axb5 Rb6 28. Nd4 Nf5 29. Bc7 Nxd4 30. Bxb6 Nxc2 31. Rc1 b3 32. Bxa5 Nd4 33. Rb1 Ra8 34. b6 Rxa5 35. b7 1-0


[Site "https://www.chess.com"]

[Event "Titled Tuesday Blitz March 01 Early 2022"]
[White "Sahin, Handenur"]
[Black "Chernomordik, Pavel"]
[WhiteFideId "6334865"]
[BlackFideId "2804530"]
[WhiteElo "2171"]
[BlackElo "2249"]
[Result "1/2-1/2"]
[Round "02"]
[TimeControl "180+1"]
[Date "2022.03.01"]
[WhiteClock "0:01:11"]
[BlackClock "0:00:23"]

1. e4 g6 2. d4 Bg7 3. Nf3 d6 4. Bd3 c5 5. c3 Bg4 6. Be3 cxd4 7. cxd4 Qb6 8. Nbd2 Nc6 9. d5 Nd4 10. Bxd4 Qxd4 11. Nxd4 Bxd1 12. Nb5 Ba4 13. Nc7+ Kd7 14. Nxa8 Nh6 15. O-O Rxa8 16. Rab1 Kd8 17. b3 Bd7 18. Nc4 Ng4 19. Rfc1 Bd4 20. Rc2 Ne5 21. Nxe5 dxe5 22. Rbc1 Bb6 23. Kf1 a5 24. a3 a4 25. b4 Ke8 26. Ke2 f5 27. f3 f4 28. g3 Be3 29. Rd1 Kd8 30. gxf4 Bxf4 31. Bc4 Rc8 1/2-1/2


[Site "https://www.chess.com"]

[Event "Titled Tuesday Blitz March 01 Early 2022"]
[White "Samaganova, Aleksandra"]
[Black "Derraugh, Geordie"]
[WhiteFideId "13800221"]
[BlackFideId "2603950"]
[WhiteElo "1859"]
[BlackElo "2116"]
[Result "1-0"]
[Round "02"]
[TimeControl "180+1"]
[Date "2022.03.01"]
[WhiteClock "0:00:15"]
[BlackClock "0:00:02"]

1. c4 Nf6 2. Nc3 e5 3. Nf3 d6 4. d4 e4 5. Nd2 Bf5 6. e3 Be7 7. Be2 O-O 8. O-O c5 9. d5 Re8 10. a3 Nbd7 11. b4 cxb4 12. axb4 a6 13. Nb3 Ne5 14. Nd4 Bg6 15. h3 Rc8 16. Qb3 Qc7 17. b5 Nxc4 18. bxa6 bxa6 19. Rxa6 Na5 20. Qa2 Qxc3 21. Rxa5 Rc5 22. Rxc5 Qxc5 23. Nc6 Qxd5 24. Nxe7+ Rxe7 25. Bc4 Qf5 26. Ba3 Ra7 27. Qb3 Qc8 28. Bxd6 h5 29. Be5 Ne8 30. Bd5 Ra5 31. Rd1 Qf5 32. Qb8 Kh7 33. Qxe8 f6 34. Qd8 Qxe5 35. Qxa5 h4 36. Qa8 Bh5 37. Qg8+ Kh6 38. Re1 Qg5 39. Qh8+ Kg6 40. Qe8+ Kh6 41. Qxe4 f5 42. Qf4 1-0


[Site "https://www.chess.com"]

[Event "Titled Tuesday Blitz March 01 Early 2022"]
[White "Samarth, J Rao"]
[Black "Horak, Martin"]
[WhiteFideId "46652370"]
[BlackFideId "367095"]
[WhiteElo "1514"]
[BlackElo "1997"]
[Result "0-1"]
[Round "02"]
[TimeControl "180+1"]
[Date "2022.03.01"]
[WhiteClock "0:00:08"]
[BlackClock "0:00:30"]

1. d4 Nf6 2. c4 e6 3. Nc3 Bb4 4. Nf3 O-O 5. e3 c5 6. Qc2 cxd4 7. exd4 d5 8. Bd3 dxc4 9. Bxc4 b6 10. O-O Bb7 11. Qe2 Nc6 12. Be3 Rc8 13. Rac1 Ne7 14. Bd3 Ned5 15. Bd2 h6 16. a3 Bd6 17. Rfd1 Nf4 18. Bxf4 Bxf4 19. Rc2 Bb8 20. Ne5 Nd5 21. Nxd5 Qxd5 22. Nf3 Rxc2 23. Qxc2 Rc8 24. Qe2 Bd6 25. h3 Be7 26. Re1 Bf6 27. Ne5 Qxg2# 0-1


[Site "https://www.chess.com"]

[Event "Titled Tuesday Blitz March 01 Early 2022"]
[White "Sargsyan, Anna M."]
[Black "Wong, Yinn Long"]
[WhiteFideId "13308130"]
[BlackFideId "5707684"]
[WhiteElo "2271"]
[BlackElo "2055"]
[Result "0-1"]
[Round "02"]
[TimeControl "180+1"]
[Date "2022.03.01"]
[WhiteClock "0:00:05"]
[BlackClock "0:00:19"]

1. d4 Nf6 2. c4 e6 3. Nf3 Bb4+ 4. Bd2 Qe7 5. g3 Nc6 6. Bg2 Bxd2+ 7. Nbxd2 O-O 8. O-O d6 9. e4 e5 10. d5 Nb8 11. Ne1 a5 12. Nd3 Bg4 13. f3 Bd7 14. f4 Bg4 15. Bf3 Bxf3 16. Qxf3 Nbd7 17. Rae1 c6 18. Qf2 a4 19. Nf3 a3 20. fxe5 dxe5 21. b3 Ne8 22. c5 h6 23. d6 Qe6 24. Qc2 Nef6 25. Qc3 b6 26. Nfxe5 bxc5 27. Nxd7 Nxd7 28. e5 Qd5 29. Nf4 Qd4+ 30. Qxd4 cxd4 31. e6 fxe6 32. Nxe6 Rxf1+ 33. Kxf1 d3 34. Re3 Re8 35. Kf2 d2 36. Ke2 Nf8 37. d7 Nxd7 38. Kxd2 Nf6 39. Nd4 Rd8 40. Rd3 Ne4+ 41. Ke3 Re8 42. Kf3 c5 43. Nb5 Ng5+ 44. Kg4 Nf7 45. Kf4 Re2 46. Nxa3 Rxa2 47. Nc4 Rf2+ 48. Ke4 Rxh2 49. Rd7 Rg2 50. Kd3 Rxg3+ 51. Kc2 h5 52. Rc7 Rg5 53. Nd2 h4 54. Ne4 Rg2+ 55. Kd1 h3 0-1


[Site "https://www.chess.com"]

[Event "Titled Tuesday Blitz March 01 Early 2022"]
[White "Savchenko, Boris"]
[Black "Cori T., Deysi"]
[WhiteFideId "4147332"]
[BlackFideId "3801934"]
[WhiteElo "2512"]
[BlackElo "2350"]
[Result "1-0"]
[Round "02"]
[TimeControl "180+1"]
[Date "2022.03.01"]
[WhiteClock "0:00:56"]
[BlackClock "0:00:08"]

1. e4 e6 2. d4 d5 3. Nc3 Nf6 4. e5 Nfd7 5. Nce2 c5 6. c3 Nc6 7. Nf3 cxd4 8. cxd4 Bb4+ 9. Bd2 Qb6 10. h4 f6 11. exf6 Nxf6 12. Ng3 Bd7 13. Bc3 Ne4 14. Nxe4 dxe4 15. Ng5 Qxd4 16. Qxd4 Nxd4 17. Bxb4 Nc2+ 18. Kd2 Nxb4 19. a3 e3+ 20. fxe3 Nd5 21. Bc4 Nf6 22. Bxe6 Rd8 23. Kc2 Ke7 24. Bxd7 Rxd7 25. Rad1 Nd5 26. Rhe1 Rc8+ 27. Kb3 h6 28. Nf3 Rd6 29. Nd4 Rb6+ 30. Ka2 Rf8 31. Rd2 a6 32. e4 Nc7 33. Nf5+ Kf6 34. e5+ Ke6 35. Nxg7+ Ke7 36. g4 Rf4 37. e6 Rxg4 38. Rd7+ Kf6 39. Rxc7 Rg2 40. Rf7+ Kg6 41. Rb1 Rxe6 42. Rxb7 Ree2 43. h5+ Kg5 44. Rb6 a5 45. Rg6+ Kf4 46. Ne6+ 1-0


[Site "https://www.chess.com"]

[Event "Titled Tuesday Blitz March 01 Early 2022"]
[White "Schut, Han"]
[Black "Nur-Mukhametova, Alisa"]
[WhiteFideId "1005561"]
[BlackFideId "54117739"]
[WhiteElo "2057"]
[BlackElo "2015"]
[Result "1-0"]
[Round "02"]
[TimeControl "180+1"]
[Date "2022.03.01"]
[WhiteClock "0:00:32"]
[BlackClock "0:00:16"]

1. e4 c5 2. Nf3 e6 3. c4 Nc6 4. Nc3 d6 5. d4 cxd4 6. Nxd4 Nf6 7. Be3 Be7 8. Be2 O-O 9. O-O a6 10. Qd2 Qc7 11. Rac1 Ne5 12. f3 b6 13. Rfd1 Bb7 14. Bf1 Rac8 15. b3 Qb8 16. Qf2 Bd8 17. h3 Bc7 18. f4 Ned7 19. Bd3 Nc5 20. Qf3 Nxd3 21. Rxd3 Qa8 22. Rd2 Nxe4 23. Nxe4 Bxe4 24. Qf2 Rfd8 25. Ne2 Qb7 26. Nc3 Bc6 27. f5 b5 28. cxb5 axb5 29. Rf1 exf5 30. Qxf5 Bb6 31. Bxb6 Qxb6+ 32. Kh2 Qb7 33. Rff2 b4 34. Ne2 Be4 35. Qf4 Bg6 36. Rd4 d5 37. Rxb4 Qa7 38. a4 Qc5 39. Rd4 Qd6 40. Qxd6 Rxd6 41. Nf4 Rb8 42. Rxd5 Rxd5 43. Nxd5 Rxb3 44. Ne7+ Kf8 45. Nxg6+ hxg6 46. Ra2 Rb6 47. a5 Ra6 48. Kg3 Ke7 49. Kf4 Kd6 50. Ke4 Kc5 51. Ke5 Re6+ 52. Kf4 Ra6 53. Ke5 Re6+ 54. Kf4 Kb5 55. a6 Rxa6 56. Rxa6 Kxa6 57. Ke5 Kb6 58. Kd6 Kb5 59. Ke7 f5 60. Kf7 Kc5 61. Kxg6 Kd5 62. Kxf5 1-0


[Site "https://www.chess.com"]

[Event "Titled Tuesday Blitz March 01 Early 2022"]
[White "Shukhman, Anna"]
[Black "Winkels, Marcel"]
[WhiteFideId "54180058"]
[BlackFideId "1003887"]
[WhiteElo "1628"]
[BlackElo "1900"]
[Result "1-0"]
[Round "02"]
[TimeControl "180+1"]
[Date "2022.03.01"]
[WhiteClock "0:00:28"]
[BlackClock "0:00:01"]

1. e4 c5 2. Nf3 d6 3. d4 cxd4 4. Nxd4 Nf6 5. Nc3 a6 6. Qd3 Nbd7 7. a4 g6 8. Be2 Bg7 9. b4 O-O 10. O-O Ne5 11. Qg3 Be6 12. b5 Bc4 13. Bxc4 Nxc4 14. Rd1 Qb6 15. Rb1 Nh5 16. Qd3 Rac8 17. Nd5 Qd8 18. bxa6 bxa6 19. Rb7 Re8 20. Bg5 Nf6 21. Bxf6 exf6 22. Nb3 Ne5 23. Qe2 a5 24. Qb5 Rxc2 25. Nd4 Rc5 26. Qb3 f5 27. f4 Ng4 28. e5 Qh4 29. Nf3 Qh5 30. h3 Nh6 31. exd6 Rd8 32. d7 Rxd5 33. Qxd5 Ng4 34. hxg4 fxg4 35. Qxh5 1-0


[Site "https://www.chess.com"]

[Event "Titled Tuesday Blitz March 01 Early 2022"]
[White "Shuvalov, Evgenij"]
[Black "Mirzanurov, Bulat"]
[WhiteFideId "4187237"]
[BlackFideId "4184521"]
[WhiteElo "2119"]
[BlackElo "2116"]
[Result "1-0"]
[Round "02"]
[TimeControl "180+1"]
[Date "2022.03.01"]
[WhiteClock "0:01:10"]
[BlackClock "0:00:33"]

1. Nf3 d5 2. c4 dxc4 3. e3 Nf6 4. Bxc4 e6 5. b3 a6 6. Bb2 c5 7. Nc3 b5 8. Be2 Bb7 9. Qc2 Nbd7 10. a4 b4 11. Nb1 Be7 12. d3 O-O 13. Nbd2 Nb6 14. a5 Nbd5 15. Nc4 Re8 16. O-O h6 17. Rfd1 Rc8 18. Nfe5 Bf8 19. Bf3 Qc7 20. h3 Bd6 21. e4 Ne7 22. Nxf7 Kxf7 23. e5 Bxe5 24. Bxe5 Qd7 25. Bxb7 1-0


[Site "https://www.chess.com"]

[Event "Titled Tuesday Blitz March 01 Early 2022"]
[White "Shuvalova, Polina"]
[Black "Zhigalko, Sergei"]
[WhiteFideId "24171760"]
[BlackFideId "13502956"]
[WhiteElo "2631"]
[BlackElo "2921"]
[Result "1-0"]
[Round "02"]
[TimeControl "180+1"]
[Date "2022.03.01"]
[WhiteClock "0:00:04"]
[BlackClock "0:00:02"]

1. d4 Nf6 2. Nf3 e6 3. Bf4 d5 4. e3 Bd6 5. Nbd2 O-O 6. c3 b6 7. Bd3 Ba6 8. Bxa6 Nxa6 9. O-O c5 10. Bxd6 Qxd6 11. Ne5 b5 12. Qe2 Rab8 13. a3 Rfc8 14. Rfc1 c4 15. f4 Nc7 16. Kh1 a5 17. g4 Ne4 18. Nxe4 dxe4 19. g5 Nd5 20. Re1 Rc7 21. Qg2 b4 22. axb4 axb4 23. Rac1 bxc3 24. bxc3 Qa3 25. Qxe4 Nxc3 26. Qf3 Qb2 27. f5 exf5 28. Qxf5 Nd5 29. Rb1 c3 30. Rxb2 cxb2 31. Kg1 Nc3 32. Kg2 b1=Q 33. Rxb1 Nxb1 34. Qf4 Rf8 35. h4 Nc3 36. h5 Nd5 37. Qf3 Rc2+ 38. Kg3 Nc3 39. h6 g6 40. Kh3 Re2 41. Qf6 Rxe3+ 42. Kg2 Rg3+ 43. Kh1 Rh3+ 44. Kg1 Rg3+ 45. Kh2 1-0


[Site "https://www.chess.com"]

[Event "Titled Tuesday Blitz March 01 Early 2022"]
[White "Sinitsina, Anastassia"]
[Black "Bongo Akanga Ndjila, Barthelemy"]
[WhiteFideId "4504640"]
[BlackFideId "10609431"]
[WhiteElo "2144"]
[BlackElo "1803"]
[Result "1-0"]
[Round "02"]
[TimeControl "180+1"]
[Date "2022.03.01"]
[WhiteClock "0:01:17"]
[BlackClock "0:01:51"]

1. Nf3 d6 2. g3 g6 3. Bg2 Bg7 4. O-O Nf6 5. d4 c6 6. c4 d5 7. cxd5 cxd5 8. Ne5 O-O 9. Nc3 Nc6 10. Bf4 Nh5 11. Nxd5 Nxf4 12. Nxc6 bxc6 13. Nxf4 Qxd4 14. Bxc6 Rb8 15. Qxd4 Bxd4 16. Rfd1 Bxb2 17. Rab1 Be5 18. Rxb8 Bxb8 19. Nd5 Bd6 20. Nf6+ Kg7 21. Ne8+ Kh8 22. Nxd6 Rd8 23. Nxf7+ 1-0


[Site "https://www.chess.com"]

[Event "Titled Tuesday Blitz March 01 Early 2022"]
[White "Siva Mahadevan"]
[Black "Tsyhanchuk, Stanislav"]
[WhiteFideId "25043153"]
[BlackFideId "13505130"]
[WhiteElo "2203"]
[BlackElo "2078"]
[Result "1-0"]
[Round "02"]
[TimeControl "180+1"]
[Date "2022.03.01"]
[WhiteClock "0:02:33"]
[BlackClock "0:00:32"]

1. e4 c5 2. Nf3 d6 3. d4 cxd4 4. Nxd4 Nf6 5. Nc3 a6 6. Bg5 e6 7. f4 Qb6 8. Qd2 Qxb2 9. Rb1 Qa3 10. e5 dxe5 11. fxe5 h6 12. Bh4 g5 13. Bf2 Ng4 14. Bg3 Nd7 15. Be2 Ngxe5 16. O-O Bg7 17. Nxe6 fxe6 18. Ne4 Ke7 19. Rb3 Qa4 20. Qd6+ Ke8 21. Bh5+ Kd8 22. Nc5 Nf3+ 23. Kh1 Qc4 24. Nxe6+ Qxe6 25. Qxe6 Nd4 26. Qd6 Nxb3 27. Qc7+ Ke7 28. Bd6+ Ke6 29. Bf7# 1-0


[Site "https://www.chess.com"]

[Event "Titled Tuesday Blitz March 01 Early 2022"]
[White "Sjugirov, Sanan"]
[Black "Artemenko, Oleg"]
[WhiteFideId "4189302"]
[BlackFideId "14201798"]
[WhiteElo "2930"]
[BlackElo "2632"]
[Result "1-0"]
[Round "02"]
[TimeControl "180+1"]
[Date "2022.03.01"]
[WhiteClock "0:00:41"]
[BlackClock "0:01:57"]

1. e4 e6 2. d4 d5 3. Nd2 c5 4. Ngf3 cxd4 5. Nxd4 e5 6. Bb5+ Bd7 7. Bxd7+ Qxd7 8. N4f3 dxe4 9. Nxe4 Qxd1+ 10. Kxd1 Nc6 11. c3 O-O-O+ 12. Kc2 f6 13. Be3 Nge7 14. Rad1 Nd5 15. Bc1 Be7 16. g4 Rd7 17. a3 b5 18. h4 Rhd8 19. h5 a5 20. Rd2 a4 21. Nh4 Na5 22. Nf5 Nb3 23. Rxd5 Rxd5 24. Nxe7+ Kb7 25. Nxd5 Rxd5 26. Be3 h6 27. Rd1 Kc6 28. Ng3 Rxd1 29. Kxd1 Na5 30. Nf5 Nc4 31. Bc1 Kd5 32. Ke2 Ke4 33. f3+ Kd5 34. Nxg7 e4 35. Nf5 Ne5 36. Ne3+ 1-0


[Site "https://www.chess.com"]

[Event "Titled Tuesday Blitz March 01 Early 2022"]
[White "Smith, Shreyas"]
[Black "Santos Flores, Alberto"]
[WhiteFideId "7400713"]
[BlackFideId "3601234"]
[WhiteElo "2129"]
[BlackElo "2293"]
[Result "0-1"]
[Round "02"]
[TimeControl "180+1"]
[Date "2022.03.01"]
[WhiteClock "0:00:01"]
[BlackClock "0:00:44"]

1. e4 c5 2. Nf3 Nc6 3. Bb5 g6 4. O-O Bg7 5. Re1 Nf6 6. c3 O-O 7. d4 cxd4 8. cxd4 d5 9. e5 Ne4 10. Bxc6 bxc6 11. Be3 Bg4 12. h3 Bxf3 13. gxf3 f5 14. fxe4 fxe4 15. Nd2 e6 16. Qg4 Rf5 17. Nf1 Qe8 18. Rac1 h5 19. Qg2 Rc8 20. Rc3 Kh7 21. Ng3 Rf3 22. Bg5 Qf7 23. Rxf3 exf3 24. Qf1 h4 25. Bxh4 Qf4 26. Qa6 Rc7 27. Kh2 Qxh4 28. Qd3 Rf7 29. Re3 Qf4 30. Kg1 Bh6 31. Re1 Bg5 32. Qf1 Bh4 33. Kh2 Kg8 34. Re3 Rh7 35. Qd3 Bxg3+ 36. fxg3 Rxh3+ 0-1


[Site "https://www.chess.com"]

[Event "Titled Tuesday Blitz March 01 Early 2022"]
[White "Sovetbekova, Nurai"]
[Black "Dolzhykova, Kateryna"]
[WhiteFideId "13801910"]
[BlackFideId "14113414"]
[WhiteElo "1545"]
[BlackElo "2165"]
[Result "1/2-1/2"]
[Round "02"]
[TimeControl "180+1"]
[Date "2022.03.01"]
[WhiteClock "0:00:05"]
[BlackClock "0:00:10"]

1. d4 Nf6 2. c4 e6 3. g3 d5 4. Bg2 Be7 5. Nf3 O-O 6. O-O dxc4 7. Ne5 Nc6 8. Nxc6 bxc6 9. Na3 Ba6 10. Qa4 Bxa3 11. Qxa6 Be7 12. Qxc4 Nd5 13. Rd1 Rb8 14. a3 Qd7 15. Qc2 Rfd8 16. Bd2 Bf6 17. e3 e5 18. dxe5 Bxe5 19. Bc3 Bxc3 20. bxc3 Qe6 21. Rd4 c5 22. Re4 Qf6 23. Rc4 Qe7 24. Rd1 Nf6 25. Ra4 Rxd1+ 26. Qxd1 Rd8 27. Qe2 g6 28. Rxa7 Ne4 29. Bxe4 Qxe4 30. Rxc7 Rb8 31. Rd7 Qa4 32. Rd1 Qxa3 33. Qc4 Qb3 34. Qxb3 Rxb3 35. Rc1 Rb2 36. Kg2 Kg7 37. Kf3 Kf6 38. e4 Ke5 39. Ke3 f5 40. f4+ Ke6 41. exf5+ Kxf5 42. h3 h5 43. Kd3 Rg2 44. Kc4 Rxg3 45. Kxc5 Rxh3 46. Kd4 Rf3 47. c4 Rxf4+ 48. Kd5 Rf2 49. c5 Rd2+ 50. Kc4 h4 51. c6 Rd8 52. c7 Rc8 53. Kd3 Kg4 54. Ke2 g5 55. Kf2 Kh5 56. Kg2 Kg4 57. Rc4+ Kf5 58. Rc5+ Kf4 59. Rc4+ Kf5 60. Rc5+ Kf6 61. Kh3 Ke6 62. Kg4 Kd6 63. Rxg5 Rxc7 64. Kxh4 Rc4+ 65. Rg4 Rc1 66. Rg5 Ke6 67. Kg4 Kf6 68. Rf5+ Ke6 69. Rf3 Rc4+ 70. Rf4 Rc3 71. Rf3 Rc1 72. Rf4 Rg1+ 73. Kf3 Ke5 74. Re4+ Kd5 75. Rf4 Kd6 76. Rg4 Rf1+ 77. Ke2 Rf5 78. Ke3 Kd5 79. Rd4+ Kc5 80. Rf4 Rh5 81. Ke4 Rh1 82. Rf5+ Kc4 83. Rf4 Re1+ 84. Kf5+ Kd5 85. Ra4 Rf1+ 86. Kg5 Kc6 87. Rc4+ Kd5 88. Rc2 Ke4 89. Rc4+ Ke5 90. Ra4 Rg1+ 91. Rg4 Rb1 92. Rg2 Rb8 93. Re2+ Kd4 94. Rd2+ Ke3 95. Ra2 Rf8 96. Kg6 Ke4 97. Ra4+ Ke5 98. Ra6 Rf1 99. Ra5+ Ke6 100. Ra6+ Ke7 101. Ra7+ Kd6 102. Ra6+ Kc5 103. Rf6 Rg1+ 104. Kf7 Rh1 105. Ke6 Rb1 106. Rf5+ Kc6 107. Rf6 Rb8 108. Ke7+ Kc5 109. Rf5+ Kc6 110. Ke6 Kc7 111. Rc5+ Kb6 112. Rc1 Re8+ 113. Kd7 Re3 114. Kd6 1/2-1/2


[Site "https://www.chess.com"]

[Event "Titled Tuesday Blitz March 01 Early 2022"]
[White "Suder, Jakub"]
[Black "Golubenko, Valentina"]
[WhiteFideId "1195310"]
[BlackFideId "4501993"]
[WhiteElo "2058"]
[BlackElo "2164"]
[Result "1-0"]
[Round "02"]
[TimeControl "180+1"]
[Date "2022.03.01"]
[WhiteClock "0:00:40"]
[BlackClock "0:00:19"]

1. d4 g6 2. c4 Bg7 3. Nc3 c5 4. d5 d6 5. e4 e6 6. f4 exd5 7. cxd5 Nf6 8. Bb5+ Bd7 9. e5 Ng4 10. Qxg4 Bxb5 11. Nxb5 Qa5+ 12. Nc3 dxe5 13. fxe5 Bxe5 14. Qc8+ Ke7 15. Qxb7+ Nd7 16. d6+ Bxd6 17. Bd2 Rhb8 18. Nd5+ Ke6 19. Qxb8 Qxd2+ 20. Kxd2 Rxb8 21. Nc3 Rxb2+ 22. Ke3 Be5 23. Nge2 Rb4 24. Rab1 Rg4 25. g3 Nb6 26. Kf3 Rc4 27. Rhe1 Kf6 28. Ne4+ Kg7 29. Rbc1 Ra4 30. Rc2 c4 31. Kg2 f5 32. N4c3 Ra3 33. Rd1 Kf6 34. Nd5+ Nxd5 35. Rxd5 c3 36. Rd3 g5 37. Nxc3 f4 38. Nd5+ Ke6 39. Rxa3 Kxd5 40. gxf4 Bxf4 41. Ra5+ Ke4 42. Rxa7 Kd3 43. Rf2 1-0


[Site "https://www.chess.com"]